[Event "Team 45 45 League T54"]
[Site "Internet Chess Club"]
[Date "2012.09.22"]
[Round "6"]
[White "bshribharath"]
[Black "expectnomercy"]
[Result "1/2-1/2"]
[WhiteElo "1872"]
[BlackElo "1780"]
[Opening "Ruy Lopez: classical (Cordel) defense"]
[ECO "C64"]
[Time "09:00:39"]
[TimeControl "2700+45"]

1. e4 e5 2. Nf3 Nc6 3. Bb5 Bc5 4. Bxc6 dxc6 5. O-O Qf6 6. h3 Ne7 7. c3 O-O 8. d4
exd4 9. cxd4 Bb6 10. Be3 Ng6 11. Nc3 Nf4 12. g3 Nxh3+ 13. Kg2 h6 14. Rh1 Ng5 15.
Nxg5 hxg5 16. Qh5 Qh6 17. Qxh6 gxh6 18. Rxh6 f6 19. Na4 Be6 20. Rah1 Bxa2 21.
Nxb6 cxb6 22. Rh8+ Kf7 23. R8h7+ Ke6 24. Rxb7 Rf7 25. d5+ cxd5 26. Rxf7 Kxf7 27.
Ra1 Bc4 28. Bxb6 a6 {Game drawn by mutual agreement} 1/2-1/2

[Event "Team 45 45 League T54"]
[Site "Internet Chess Club"]
[Date "2012.09.24"]
[Round "6"]
[White "Hal2001"]
[Black "Juan73"]
[Result "1-0"]
[WhiteElo "1658"]
[BlackElo "1600"]
[Opening "Scotch gambit"]
[ECO "C44"]
[Time "20:12:15"]
[TimeControl "2700+45"]

1. e4 e5 2. Nf3 Nc6 3. d4 exd4 4. Bc4 Bc5 5. c3 Qf6 6. O-O dxc3 7. e5 Qe7 8.
Nxc3 d6 9. Bb5 Bd7 10. exd6 Qxd6 11. Qe2+ Qe7 12. Ne4 O-O-O 13. Re1 Nf6 14. Nxf6
Qxe2 15. Rxe2 gxf6 16. h3 Rhg8 17. Kh1 Rge8 18. Be3 Bxe3 19. fxe3 Ne5 20. Bxd7+
Rxd7 21. Nd4 Nc4 22. Nf5 Nd6 23. Ng3 Ne4 24. Nf5 Rg8 25. g4 Nd6 26. Rf1 Nxf5 27.
Rxf5 Rd6 28. Ref2 Kd7 29. Rxf6 Rxf6 30. Rxf6 Ke7 31. Rf5 Rg6 32. Kg2 h5 33. Rxh5
Rd6 34. Rf5 Rd2+ 35. Rf2 Rd3 36. Kf3 Ke6 37. Ke4 Rd1 38. Rh2 Kf6 39. h4 c6 40.
Rf2+ Kg6 41. Rf5 Rd2 42. h5+ Kg7 43. g5 Rxb2 44. h6+ Kg6 45. Re5 Rxa2 46. Re7
Rb2 47. Re8 Rb5 48. Re5 Rb4+ 49. Kf3 b6 50. e4 a5 51. Re8 a4 52. Rg8+ Kh7 53.
Rg7+ Kh8 54. Rxf7 a3 55. g6 a2 56. Rf8# {Black checkmated} 1-0

[Event "Team 45 45 League T54"]
[Site "Internet Chess Club"]
[Date "2012.09.21"]
[Round "6"]
[White "Docvan"]
[Black "Bryant-L"]
[Result "1-0"]
[WhiteElo "1468"]
[BlackElo "1427"]
[Opening "French: King's Indian attack"]
[ECO "C00"]
[Time "19:30:39"]
[TimeControl "2700+45"]

1. e4 e6 2. d3 d5 3. Nd2 Ne7 4. g3 c5 5. Bg2 d4 6. Ngf3 Nbc6 7. Nb3 b6 8. O-O
Bb7 9. Bd2 g6 10. Re1 Bg7 11. Qc1 h5 12. c3 Rc8 13. cxd4 cxd4 14. Qd1 Ba6 15.
Qe2 Ne5 16. Nxe5 Bxe5 17. f4 Bg7 18. e5 Nd5 19. Be4 h4 20. Qf2 hxg3 21. hxg3 Ne7
22. Nxd4 Nf5 23. Bc3 Nxd4 24. Bxd4 g5 25. Bc3 gxf4 26. Qxf4 Qe7 27. Rf1 Bb7 28.
Rae1 Bxe4 29. Qxe4 Qg5 30. Kg2 Rh5 31. Qa4+ Kf8 32. Qd7 Bh6 {Black resigns} 1-0

[Event "Team 45 45 League T54"]
[Site "Internet Chess Club"]
[Date "2012.09.23"]
[Round "6"]
[White "DutchBird"]
[Black "PANAMA-REY"]
[Result "1-0"]
[WhiteElo "1461"]
[BlackElo "1422"]
[Opening "Bishop's opening/Petrov: Urusov gambit"]
[ECO "C24"]
[Time "19:00:08"]
[TimeControl "2700+45"]

1. e4 e5 2. Bc4 Nf6 3. d4 exd4 4. Nf3 d6 5. Ng5 d5 6. exd5 Nxd5 7. O-O Be7 8.
Re1 O-O 9. Rxe7 Qxe7 10. Bxd5 h6 11. Nf3 Nc6 12. Nbd2 Bg4 13. Nb3 Rad8 14. Bxc6
bxc6 15. h3 Bxf3 16. Qxf3 c5 17. Qg3 Kh8 18. Bd2 c4 19. Re1 Qd6 20. Qxd6 Rxd6
21. Bb4 Rfd8 22. Bxd6 Rxd6 23. Na5 d3 24. Nxc4 d2 25. Rd1 {Black resigns} 1-0

[Event "Team 45 45 League T54"]
[Site "Internet Chess Club"]
[Date "2012.09.23"]
[Round "6"]
[White "Andaluz"]
[Black "arconia"]
[Result "0-1"]
[WhiteElo "1083"]
[BlackElo "1356"]
[Opening "Four knights: Gunsberg variation"]
[ECO "C47"]
[Time "14:00:46"]
[TimeControl "2700+45"]

1. e4 Nc6 2. Nf3 e5 3. Nc3 Nf6 4. a3 a6 5. d4 exd4 6. Nxd4 d5 7. exd5 Nxd5 8.
Qe2+ Be7 9. Nxc6 bxc6 10. Nxd5 cxd5 11. Qd3 O-O 12. Be2 Bb7 13. O-O c5 14. Qg3
Bh4 15. Qg4 g6 16. g3 Be7 17. Re1 f5 18. Qf3 Rb8 19. Bf4 Bd6 20. Rad1 Bxf4 21.
Qxf4 Qf6 22. c3 g5 23. Qxg5+ Qxg5 {White resigns} 0-1

[Event "Team 45 45 League T54"]
[Site "Internet Chess Club"]
[Date "2012.09.24"]
[Round "6"]
[White "mongmong"]
[Black "moomaster"]
[Result "0-1"]
[WhiteElo "1609"]
[BlackElo "1784"]
[Opening "Colle system"]
[ECO "D05"]
[Time "17:17:59"]
[TimeControl "2700+45"]

1. d4 e6 2. Nf3 d5 3. e3 Nf6 4. Bd3 c5 5. c3 Nc6 6. Nbd2 Be7 7. O-O O-O 8. dxc5
Bxc5 9. b4 Bd6 10. Bb2 Bd7 11. a3 Qc7 12. Qe2 Rac8 13. c4 Ng4 14. h3 Nge5 15. c5
Be7 16. Rac1 Bf6 17. Bb1 a6 18. Nxe5 Bxe5 19. Bxe5 Nxe5 20. Nf3 Bb5 {White
resigns} 0-1

[Event "Team 45 45 League T54"]
[Site "Internet Chess Club"]
[Date "2012.09.23"]
[Round "6"]
[White "houseofcook"]
[Black "Kravier"]
[Result "1/2-1/2"]
[WhiteElo "1433"]
[BlackElo "1621"]
[Opening "Caro-Kann: exchange, Rubinstein variation"]
[ECO "B13"]
[Time "06:20:33"]
[TimeControl "2700+45"]

1. e4 c6 2. d4 d5 3. exd5 cxd5 4. Bd3 Nc6 5. c3 Nf6 6. Bf4 e6 7. Nd2 h6 8. Ngf3
Bd6 9. Bxd6 Qxd6 10. O-O O-O 11. Re1 Bd7 12. Ne5 a6 13. f4 Rac8 14. g4 Qc7 15.
g5 Nxe5 16. fxe5 Ne4 17. gxh6 g6 18. Bxe4 dxe4 19. Nxe4 f5 20. Nf6+ Rxf6 21.
exf6 Kf7 22. Re3 Qf4 23. Rh3 Bc6 24. Qe2 Rh8 25. h7 Qg5+ 26. Kf1 Be4 27. Re1
Kxf6 28. Qf2 Kg7 29. Qg3 Qxg3 30. hxg3 Rxh7 31. Rxh7+ Kxh7 32. Kf2 Kg7 33. Rd1
Bd5 34. a3 Kf6 35. a4 Bb3 36. Ra1 Bd5 37. a5 g5 38. Rc1 f4 39. c4 Be4 40. gxf4
gxf4 41. b4 Kf5 42. b5 axb5 43. cxb5 Bd3 44. a6 bxa6 45. bxa6 Bxa6 {Game drawn
by mutual agreement} 1/2-1/2

[Event "Team 45 45 League T54"]
[Site "Internet Chess Club"]
[Date "2012.09.22"]
[Round "6"]
[White "AnthonySinkface"]
[Black "MateIn42"]
[Result "0-1"]
[WhiteElo "1134"]
[BlackElo "1369"]
[Opening "Scotch gambit: Dubois-Réti defense"]
[ECO "C55"]
[Time "11:06:33"]
[TimeControl "2700+45"]

1. e4 e5 2. Nf3 Nc6 3. Bc4 Nf6 4. d4 exd4 5. Nxd4 Be7 6. e5 Nxe5 7. Bb3 d5 8.
O-O c5 9. Nf5 Bxf5 10. Re1 Nc6 11. c4 dxc4 12. Qxd8+ Rxd8 13. Bxc4 O-O 14. Nd2
Rfe8 15. Nf3 Bd6 16. Bg5 Rxe1+ 17. Rxe1 Re8 18. Bxf6 Rxe1+ 19. Nxe1 gxf6 20. a3
Nd4 21. Nd3 b5 22. g4 bxc4 {White resigns} 0-1

[Event "Team 45 45 League T54"]
[Site "Internet Chess Club"]
[Date "2012.09.24"]
[Round "6"]
[White "MickyMcMonigle"]
[Black "burnsy"]
[Result "1/2-1/2"]
[WhiteElo "1426"]
[BlackElo "1468"]
[Opening "Sicilian: O'Kelly variation"]
[ECO "B28"]
[Time "19:10:38"]
[TimeControl "2700+45"]

1. e4 c5 2. Nf3 a6 3. c3 d5 4. exd5 Qxd5 5. d4 Bg4 6. Be2 Nc6 7. Be3 cxd4 8.
Nxd4 Bxe2 9. Qxe2 Qxg2 10. Qf3 Qxf3 11. Nxf3 g6 12. Nbd2 Bg7 13. O-O-O Nf6 14.
Nc4 O-O 15. Nb6 Rad8 16. Bc5 Rxd1+ 17. Rxd1 Ne4 18. Be3 Rd8 19. Nd7 Nd6 20. Nb6
Nf5 21. Rxd8+ Nxd8 22. Bc5 Ne6 23. Bb4 Nf4 24. Kc2 e5 25. Nd2 Nh3 26. Ne4 Nh4
27. Be7 Nf3 28. Nc5 Nxf2 29. Nxb7 Bh6 30. Nd7 e4 31. Nd6 Bg5 32. Bxg5 Nxg5 33.
Nf6+ Kf8 34. h4 Nf3 35. Ndxe4 Nxe4 36. Nxe4 f5 37. Ng5 Nxg5 38. hxg5 Ke7 39. Kd3
Ke6 40. Kd4 f4 41. Ke4 f3 42. Kxf3 Kf5 43. c4 Kxg5 44. b4 Kf5 45. b5 axb5 46.
cxb5 Ke6 {Game drawn by mutual agreement} 1/2-1/2

[Event "Team 45 45 League T54"]
[Site "Internet Chess Club"]
[Date "2012.09.22"]
[Round "6"]
[White "Berke"]
[Black "IanT"]
[Result "1-0"]
[WhiteElo "1554"]
[BlackElo "1517"]
[Opening "Scotch gambit"]
[ECO "C44"]
[Time "08:00:15"]
[TimeControl "2700+45"]

1. e4 e5 2. Nf3 Nc6 3. d4 exd4 4. Bc4 d6 5. c3 dxc3 6. Nxc3 Be7 7. Qb3 Na5 8.
Bxf7+ Kf8 9. Qa4 Kxf7 10. Qxa5 c5 11. Qa4 Bf6 12. O-O Ne7 13. Be3 Be6 14. Rad1
b6 15. Ng5+ Bxg5 16. Bxg5 Qc7 17. f4 Bg4 18. Rd2 Rhf8 19. Nb5 Qd8 20. Rxd6 Qe8
21. Qc4+ Nd5 22. Qxd5+ Be6 23. Rxe6 Qxe6 24. Nd6+ Kg8 25. Qxe6+ Kh8 26. Be7 Rfb8
27. Nf7+ Kg8 28. Nh6+ Kh8 29. Rd1 gxh6 30. Bf6# {Black checkmated} 1-0

[Event "Team 45 45 League T54"]
[Site "Internet Chess Club"]
[Date "2012.09.20"]
[Round "6"]
[White "SeniorCitizen"]
[Black "Iowa-Archer"]
[Result "1-0"]
[WhiteElo "1387"]
[BlackElo "1328"]
[Opening "Sicilian defense"]
[ECO "B32"]
[Time "12:24:27"]
[TimeControl "2700+45"]

1. e4 c5 2. Nf3 Nc6 3. d4 cxd4 4. Nxd4 d6 5. Nc3 e6 6. Be2 a6 7. O-O Nf6 8. Be3
Be7 9. Qc1 Qc7 10. Kh1 O-O 11. Nb3 b5 12. Bd3 Ne5 13. Ne2 Nxd3 14. cxd3 Qxc1 15.
Raxc1 a5 16. Nbd4 Bd7 17. Nc6 Bxc6 18. Rxc6 Rac8 19. Rfc1 Rb8 20. b3 Ng4 21. Kg1
Nxe3 22. fxe3 e5 23. Ng3 g6 24. Kf2 h5 25. Ne2 b4 26. d4 f6 27. Ng1 Rbd8 28. Ke2
Kf7 29. Nf3 d5 30. Kd3 dxe4+ 31. Kxe4 f5+ 32. Kxe5 Rfe8 33. Kf4 Bd6+ 34. Ne5+
Bxe5+ 35. dxe5 Rd2 36. R1c2 Rxc2 37. Rxc2 Rd8 38. h4 Ke6 39. Re2 Rd5 40. Rc2
Rxe5 41. Rc6+ Kd5 42. Rxg6 Re4+ 43. Kxf5 Rxh4 44. Kg5 Re4 45. Kxh5 Rxe3 46. Rg5+
Kd4 47. Rxa5 Rg3 48. Rg5 Rd3 49. Rg4+ Kc3 50. Kh4 Kb2 51. Rxb4 Kxa2 52. g4 Ka3
53. Rb8 Rd7 54. g5 Rh7+ 55. Kg4 Kb2 56. g6 Rg7 57. Kg5 Kc3 58. Kh6 Re7 59. g7
Re4 60. g8=Q Rh4+ 61. Kg7 Rg4+ 62. Kf8 Rxg8+ 63. Kxg8 Kd4 64. b4 {Black resigns}
1-0

[Event "Team 45 45 League T54"]
[Site "Internet Chess Club"]
[Date "2012.09.25"]
[Round "6"]
[White "BetterthanU"]
[Black "krysto"]
[Result "0-1"]
[WhiteElo "1519"]
[BlackElo "1571"]
[Opening "Benoni defense"]
[ECO "A56"]
[Time "21:00:05"]
[TimeControl "2700+45"]

1. d4 Nf6 2. c4 c5 3. e3 e6 4. Nc3 d5 5. Nf3 Nc6 6. Be2 Bd6 7. O-O O-O 8. b3
cxd4 9. exd4 dxc4 10. bxc4 b6 11. Nb5 h6 12. Nxd6 Qxd6 13. Qa4 Bd7 14. Ba3 Nxd4
15. Bxd6 Nxe2+ 16. Kh1 Bxa4 17. Bxf8 Kxf8 18. Rfe1 Nc3 19. Re3 Nce4 20. Ra3 Bc6
21. Nd4 Bb7 22. f3 Nc5 23. Re3 Ne8 24. Nb3 Ba6 25. Nxc5 bxc5 26. Rc1 Nd6 27. a3
Bxc4 28. Rec3 Ke7 29. Kg1 Rb8 30. Rxc4 Nxc4 31. Rxc4 Kd6 32. Ra4 Rb7 33. Kf2 Rc7
34. Ke3 c4 35. Kd2 c3+ 36. Kc2 e5 37. Rb4 f6 38. Rb3 h5 39. Rxc3 Rxc3+ 40. Kxc3
Kc5 41. h3 h4 42. Kb3 f5 43. Kc3 a5 44. Kb3 Kb5 45. a4+ Kc5 46. Kc3 e4 47. fxe4
fxe4 48. Kd2 Kb4 49. Ke3 Kxa4 50. Kxe4 Kb3 51. Kd3 a4 52. Kd2 Kb2 53. Kd3 a3
{White resigns} 0-1

[Event "Team 45 45 League T54"]
[Site "Internet Chess Club"]
[Date "2012.09.21"]
[Round "6"]
[White "BotanicalKnight"]
[Black "iceface"]
[Result "1/2-1/2"]
[WhiteElo "1497"]
[BlackElo "1643"]
[Opening "Sicilian: closed"]
[ECO "B25"]
[Time "19:01:35"]
[TimeControl "2700+45"]

1. e4 c5 2. Nc3 Nc6 3. g3 g6 4. Bg2 Bg7 5. d3 d6 6. h3 Nf6 7. f4 Nd7 8. Nf3 e6
9. g4 Nd4 10. O-O Qc7 11. Ne2 Nxe2+ 12. Qxe2 b6 13. c3 Bb7 14. Be3 O-O-O 15.
Rac1 h5 16. g5 f6 17. h4 f5 18. Nd2 Rhf8 19. d4 Kb8 20. b4 Rc8 21. dxc5 dxc5 22.
b5 Rcd8 23. e5 Bxg2 24. Kxg2 Rfe8 25. a4 Bf8 26. Nc4 Qb7+ 27. Kg3 Qe4 28. a5 Kc7
29. Nd2 Qd5 30. c4 Qb7 31. a6 {Game drawn by mutual agreement} 1/2-1/2

[Event "Team 45 45 League T54"]
[Site "Internet Chess Club"]
[Date "2012.09.23"]
[Round "6"]
[White "chesschessboy"]
[Black "Elalfer"]
[Result "0-1"]
[WhiteElo "1352"]
[BlackElo "1403"]
[Opening "Sicilian: Grand Prix attack"]
[ECO "B23"]
[Time "12:11:57"]
[TimeControl "2700+45"]

1. e4 c5 2. Nc3 Nc6 3. f4 e6 4. Nf3 g6 5. Bc4 Nge7 6. O-O Bg7 7. d3 O-O 8. Qe1
d5 9. Bb3 Nd4 10. Qg3 b5 11. Nxd4 Bxd4+ 12. Kh1 Bxc3 13. bxc3 c4 14. dxc4 dxc4
15. Bxc4 bxc4 16. Be3 Bb7 17. Qf3 f5 18. Bd4 Bxe4 19. Qf2 Nc6 20. Rad1 Nxd4 21.
cxd4 Rb8 22. c3 Qb6 23. h3 Qb2 24. Rc1 Bd3 25. Qxb2 Rxb2 26. Rfe1 Be4 27. Rg1
Rxa2 28. Ra1 Rxa1 29. Rxa1 Ra8 30. Ra6 Bd5 31. Kg1 Rb8 32. Ra2 Rb3 33. Rxa7 Rxc3
34. Ra2 Rd3 35. Kf2 c3 36. Ke2 Rxd4 37. Ke3 Rc4 38. Kd3 Rc6 39. Ra8+ Kg7 40.
Ra7+ Kf6 41. Kc2 Bxg2 42. Rxh7 Be4+ 43. Kc1 Ra6 44. Kd1 c2+ 45. Kc1 Ra1+ 46. Kd2
c1=Q+ {White resigns} 0-1

[Event "Team 45 45 League T54"]
[Site "Internet Chess Club"]
[Date "2012.09.23"]
[Round "6"]
[White "tamky70"]
[Black "tornado100"]
[Result "1/2-1/2"]
[WhiteElo "1373"]
[BlackElo "1295"]
[Opening "Bird's opening"]
[ECO "A03"]
[Time "19:30:36"]
[TimeControl "2700+45"]

1. f4 d5 2. Nf3 Nf6 3. e3 Bf5 4. Be2 Nc6 5. d3 e6 6. O-O Bd6 7. Nbd2 Qe7 8. Nd4
Nxd4 9. exd4 c5 10. Nf3 Qc7 11. Nh4 Bg6 12. Be3 Qb6 13. c3 Qxb2 14. dxc5 Be7 15.
Bd4 Qb5 16. Qb3 Qc6 17. Rab1 Bxc5 18. Qxb7 Qxb7 19. Rxb7 Bxd4+ 20. cxd4 O-O 21.
Nxg6 hxg6 22. Bf3 Rfb8 23. Rfb1 Rc8 24. h3 Kf8 25. Bd1 Rc3 26. Be2 Rc2 27. R1b2
Rxb2 28. Rxb2 Rc8 29. Kf2 Ke8 30. Rb7 a6 31. Ra7 Rc6 32. Ra8+ Ke7 33. Ra7+ Ke8
34. Bd1 Nd7 35. Ba4 Rd6 36. Ke2 Kd8 37. Ra8+ Ke7 38. Ra7 Kd8 39. Ra8+ Ke7 40.
Kd2 Rb6 41. Kc2 Kd6 42. Ra7 Nf6 43. g4 Rb4 44. Rxa6+ Ke7 45. Ra7+ Kf8 46. Ra8+
Ke7 47. g5 Nh5 48. Ra7+ Kf8 49. Kc3 Rb8 50. Bc6 Nxf4 51. h4 Ne2+ 52. Kd2 Nxd4
53. Ra8 Rxa8 54. Bxa8 Nf3+ 55. Ke3 Nxh4 56. Bc6 Nf5+ 57. Kd2 Nd6 58. a4 Ke7 59.
a5 Nc8 60. a6 Na7 61. Ba4 f6 62. gxf6+ gxf6 63. Ke3 e5 64. Bd1 f5 65. d4 e4 66.
Be2 g5 67. Bh5 f4+ 68. Kf2 Kf6 69. Bg4 Kg6 70. Be6 Kf6 71. Bxd5 Kf5 72. Bc4 g4
73. Bd5 e3+ 74. Ke2 Nb5 75. Kd3 Na7 76. Ke2 Nb5 77. Kd3 Na7 78. Ke2 Nb5 79. Kd3
Na7 80. Ke2 Nb5 81. Kd3 Na7 {Game drawn by repetition} 1/2-1/2

[Event "Team 45 45 League T54"]
[Site "Internet Chess Club"]
[Date "2012.09.24"]
[Round "6"]
[White "JRussell2"]
[Black "guyd52"]
[Result "0-1"]
[WhiteElo "1382"]
[BlackElo "1300"]
[Opening "Pirc: classical system, 5.Be2"]
[ECO "B08"]
[Time "19:00:25"]
[TimeControl "2700+45"]

1. e4 d6 2. d4 Nf6 3. Nc3 g6 4. Nf3 Bg7 5. Be2 O-O 6. O-O Nbd7 7. h3 e5 8. dxe5
Nxe5 9. Nxe5 dxe5 10. Be3 b6 11. Bf3 Bb7 12. Qc1 Qe7 13. Bg5 Rad8 14. Rd1 Qb4
15. Nd5 Bxd5 16. exd5 Rd6 17. a3 Qb5 18. c4 Qd7 19. b4 e4 20. Be2 Qf5 21. Bh6
Re8 22. Bxg7 Kxg7 23. g4 Qe5 24. Re1 h6 25. f4 exf3 26. Bxf3 Qg3+ 27. Bg2 Re4
28. Kh1 Rf4 29. Qe3 Qxe3 30. Rxe3 Rxc4 31. Bf1 Rd4 32. Re7 Nxd5 33. Ree1 Nf4 34.
Rec1 c6 35. Bg2 Nxg2 36. Kxg2 Rd2+ 37. Kh1 R6d3 38. Rxc6 Rxh3+ 39. Kg1 Rg3+ 40.
Kf1 Rxg4 41. Rc7 h5 42. Rxa7 h4 43. Rc1 Rd6 44. Kf2 Rf6+ 45. Ke3 h3 46. Rh1 Rh4
47. Rd7 g5 48. Rd4 g4 49. Rg1 Rf3+ 50. Ke2 f5 51. Rd7+ Kf6 52. Rd6+ Ke5 53. Rxb6
h2 54. Rh1 Kf4 55. Rc6 g3 56. Rc4+ Kg5 57. Rxh4 Rf2+ 58. Ke1 Kxh4 59. a4 Kh3
{White resigns} 0-1

[Event "Team 45 45 League T54"]
[Site "Internet Chess Club"]
[Date "2012.09.22"]
[Round "6"]
[White "dabodhi"]
[Black "Just-Jim"]
[Result "0-1"]
[WhiteElo "1293"]
[BlackElo "1413"]
[Opening "Scotch opening"]
[ECO "C44"]
[Time "14:01:43"]
[TimeControl "2700+45"]

1. e4 e5 2. Nf3 Nc6 3. d4 d5 4. Bb5 Bd7 5. exd5 Nxd4 6. Nxd4 exd4 7. Bxd7+ Qxd7
8. Qxd4 Nf6 9. c4 Bb4+ 10. Nc3 c6 11. Qe3+ Qe7 12. Qxe7+ Bxe7 13. dxc6 bxc6 14.
O-O O-O 15. Be3 Bb4 16. Ne2 Rfe8 17. Nd4 Rac8 18. a3 Bd6 19. Nf5 Be5 20. Rab1 a6
21. b4 Ng4 22. g3 g6 23. Nh4 Nxe3 24. fxe3 Bf6 25. Rxf6 Rxe3 26. a4 Re4 27. c5
Kg7 28. Rd6 a5 29. b5 Rxa4 30. Rxc6 Rxc6 31. bxc6 Rc4 32. Rc1 Rxc1+ 33. Kf2 Rxc5
{White resigns} 0-1

[Event "Team 45 45 League T54"]
[Site "Internet Chess Club"]
[Date "2012.09.22"]
[Round "6"]
[White "kingsrook"]
[Black "carolinaknight"]
[Result "1-0"]
[WhiteElo "1310"]
[BlackElo "1178"]
[Opening "Queen's pawn"]
[ECO "A40"]
[Time "19:00:33"]
[TimeControl "2700+45"]

1. d4 e6 2. e3 c5 3. c3 d5 4. Nf3 Qb6 5. Bd3 c4 6. Bc2 Bd7 7. Nbd2 Nc6 8. O-O
Nf6 9. Re1 Be7 10. e4 O-O 11. e5 Nh5 12. Rb1 g6 13. Nf1 Qd8 14. Bh6 Re8 15. Qd2
Ng7 16. Ng3 Nf5 17. Nxf5 exf5 18. Qe3 a6 19. Re2 b5 20. Rbe1 b4 21. Qd2 bxc3 22.
bxc3 Rb8 23. Rb1 Rxb1+ 24. Bxb1 Qb6 25. Re1 Na7 26. Qe3 Nb5 27. Rc1 Na3 28. Nd2
Qb2 29. Qe1 Ba4 30. h3 Bf8 31. Bg5 Nb5 32. Nf3 h6 33. Qd2 Qxd2 34. Bxd2 Ba3 35.
Re1 Kg7 36. g3 Bb2 37. Re3 Na3 38. Re1 Nxb1 39. Rxb1 Rb8 40. Bc1 Bc2 41. Rxb2
Rxb2 42. Bxb2 Be4 43. Kg2 g5 44. g4 Kg6 45. gxf5+ Kxf5 46. Kg3 h5 47. Nd2 h4+
48. Kh2 Bd3 49. Ba3 Kf4 50. Be7 Kf5 51. Bf6 Kg6 52. Nf3 Bf5 53. Nxg5 Bb1 54. a3
a5 55. Nf3 Kf5 56. Nxh4+ Ke4 57. Kg3 Kd3 58. Nf3 Kxc3 59. Ng5 Bg6 60. Nf3 Kb3
61. Nh4 Bh5 62. Be7 a4 63. f4 Kc3 64. Nf3 Kd3 65. f5 c3 66. Ne1+ Kd2 67. Kf2 c2
68. Nxc2 Kxc2 69. Ke3 Kb3 70. Kf4 Kc4 71. Ke3 Bd1 72. Bc5 Bc2 73. Kf4 Be4 74. h4
Kd3 75. Kg5 Ke2 76. h5 Bf3 77. h6 {Black resigns} 1-0

[Event "Team 45 45 League T54"]
[Site "Internet Chess Club"]
[Date "2012.09.22"]
[Round "6"]
[White "wekabird"]
[Black "bowwrestler"]
[Result "1/2-1/2"]
[WhiteElo "1084"]
[BlackElo "1180"]
[Opening "English opening"]
[ECO "A22"]
[Time "18:58:05"]
[TimeControl "2700+45"]

1. c4 e5 2. Nc3 Nf6 3. e4 Bb4 4. d3 Nc6 5. a3 Bc5 6. h3 Nd4 7. Nce2 d6 8. Nxd4
Bxd4 9. Nf3 O-O 10. Nxd4 exd4 11. g3 Re8 12. Bg2 d5 13. cxd5 Qxd5 14. O-O Qb5
15. b4 c5 16. bxc5 Qxc5 17. Bb2 Bd7 18. Rc1 Qb6 19. Qe2 Bf5 20. f3 Rad8 21. Rc4
Rd5 22. Rb4 Qc7 23. Rc1 Qxg3 24. Qf2 Qxf2+ 25. Kxf2 Bxe4 26. dxe4 Rd7 27. Bxd4
b6 28. Bxf6 gxf6 29. Rb2 Rd3 30. Ra2 Red8 31. h4 a5 32. Rcc2 b5 33. Ke2 Rb3 34.
Rd2 Rxd2+ 35. Kxd2 b4 36. axb4 axb4 37. Kc2 Re3 38. Kd2 Rb3 39. Bf1 Rxf3 40. Be2
Rf4 41. Kd3 Rxh4 42. Rb2 f5 43. Rxb4 fxe4+ 44. Rxe4 Rxe4 45. Kxe4 Kg7 46. Ke5
Kg6 47. Bd3+ Kg7 48. Kf5 h6 49. Be2 f6 50. Bh5 Kh8 51. Kxf6 Kh7 52. Bg6+ Kg8
{Game drawn by mutual agreement} 1/2-1/2

[Event "Team 45 45 League T54"]
[Site "Internet Chess Club"]
[Date "2012.09.22"]
[Round "6"]
[White "fuzzface"]
[Black "joshq03"]
[Result "0-1"]
[WhiteElo "1321"]
[BlackElo "1470"]
[Opening "Sicilian defense"]
[ECO "B20"]
[Time "09:01:12"]
[TimeControl "2700+45"]

1. e4 c5 2. c4 g6 3. Nc3 e6 4. Nf3 Bg7 5. d3 Ne7 6. Be2 O-O 7. O-O Nbc6 8. a3 a5
9. Be3 b6 10. Qd2 f5 11. Bh6 e5 12. Bxg7 Kxg7 13. h4 f4 14. Nd5 d6 15. Nh2 Nxd5
16. exd5 Nd4 17. Bd1 Qxh4 18. Nf3 Nxf3+ 19. Bxf3 Bg4 20. Bxg4 Qxg4 21. f3 Qh4
22. Qf2 Qxf2+ 23. Rxf2 Rf6 24. Kf1 Rf5 25. Ke2 Rh5 26. Rg1 Rb8 27. a4 Rf8 28. g3
Rg5 29. Rfg2 Re8 30. Kd2 h5 31. g4 Rh8 32. Rh2 hxg4 33. Rxh8 Kxh8 34. Rxg4 Rxg4
35. fxg4 Kh7 36. Ke2 Kh6 37. Kf3 Kg5 38. b3 Kf6 39. Ke2 Kg5 40. Kf3 Kh4 {White
resigns} 0-1

[Event "Team 45 45 League T54"]
[Site "Internet Chess Club"]
[Date "2012.09.21"]
[Round "6"]
[White "moodle"]
[Black "GideonL"]
[Result "1-0"]
[WhiteElo "1337"]
[BlackElo "1145"]
[Opening "Four knights: Spanish variation"]
[ECO "C48"]
[Time "19:00:47"]
[TimeControl "2700+45"]

1. e4 e5 2. Nf3 Nc6 3. Nc3 Nf6 4. Bb5 d6 5. d4 exd4 6. Nxd4 Bd7 7. Bg5 Be7 8.
O-O O-O 9. Re1 Qe8 10. Bxc6 Bxc6 11. e5 dxe5 12. Rxe5 Qd8 13. Nxc6 bxc6 14. Qxd8
Bxd8 15. Rc5 Rb8 16. Bxf6 Bxf6 17. b3 Rb6 18. Rd1 Re8 19. g3 h6 20. Rc4 Kh7 21.
Ne4 Bd8 22. Nc5 a6 23. Nd7 Rb7 24. Rxc6 Rb6 25. Nxb6 cxb6 26. Rc8 Re7 27. Rcxd8
Re2 28. R8d2 Rxd2 29. Rxd2 g6 30. Rd6 Kg7 31. Rxb6 a5 32. c4 g5 33. c5 Kf8 34.
c6 Ke8 35. Rb8+ Ke7 36. c7 Ke6 37. c8=Q+ Kf6 38. Kf1 Ke5 39. Rb5+ Kd4 40. Qc4#
{Black checkmated} 1-0

[Event "Team 45 45 League T54"]
[Site "Internet Chess Club"]
[Date "2012.09.21"]
[Round "6"]
[White "tamky70"]
[Black "IPWN"]
[Result "0-1"]
[WhiteElo "1377"]
[BlackElo "1125"]
[Opening "French: Tarrasch, open variation"]
[ECO "C07"]
[Time "20:00:52"]
[TimeControl "2700+45"]

1. e4 e6 2. d4 d5 3. Nd2 c5 4. c3 Nf6 5. e5 Nfd7 6. Ne2 Be7 7. Nf3 Qb6 8. Qb3
Qc6 9. Bg5 f6 10. exf6 Nxf6 11. Ne5 Qd6 12. Bf4 Qd8 13. Qb5+ Nbd7 14. Qd3 Nxe5
15. Bxe5 O-O 16. Ng3 cxd4 17. Bxd4 Ng4 18. Be2 e5 19. Bxg4 exd4 20. Bxc8 Rxc8
21. O-O dxc3 22. bxc3 Bf6 23. Rac1 d4 24. cxd4 Bxd4 25. Qb3+ Kh8 26. Rxc8 Qxc8
27. h3 Qc5 28. Ne4 Qf5 29. Qxb7 h6 30. Qb1 Qe5 31. Ng3 Qxg3 32. Kh1 Bxf2 33. Qe4
Rf4 34. Qe5 Be3 35. Qb8+ Kh7 36. Qb1+ Kg8 37. Qb3+ Kf8 38. Qb8+ Kf7 39. Qc7+ Kg6
40. Qd6+ Kh7 41. Qd3+ Qg6 42. Qe2 Qe4 43. Rf3 Qb1+ 44. Kh2 Rxf3 45. Qxf3 Qg1+
46. Kg3 Qe1+ 47. Kg4 Qb4+ 48. Kg3 Qd6+ 49. Kg4 Qg6+ 50. Kh4 Qg5# {White
checkmated} 0-1

[Event "Team 45 45 League T54"]
[Site "Internet Chess Club"]
[Date "2012.09.23"]
[Round "6"]
[White "mc9999"]
[Black "theartist"]
[Result "1-0"]
[WhiteElo "1229"]
[BlackElo "1136"]
[Opening "French: advance, Paulsen attack"]
[ECO "C02"]
[Time "13:02:33"]
[TimeControl "2700+45"]

1. e4 e6 2. d4 d5 3. e5 c5 4. c3 Nc6 5. Nf3 Qb6 6. Be2 Bd7 7. O-O cxd4 8. cxd4
Nge7 9. Nc3 Nf5 10. Na4 Qb4 11. Bd2 Qxb2 12. Nxb2 Ncxd4 13. Bd3 Be7 14. Nxd4
Nxd4 15. Qg4 Nf5 16. Bxf5 exf5 17. Qxg7 O-O-O 18. Qxf7 Ba3 19. e6 Bc6 20. Bf4
{Black resigns} 1-0

[Event "Team 45 45 League T54"]
[Site "Internet Chess Club"]
[Date "2012.09.25"]
[Round "6"]
[White "Littlemon"]
[Black "sockmonkey"]
[Result "0-1"]
[WhiteElo "1260"]
[BlackElo "1459"]
[Opening "Queen's Indian: 4.Nc3"]
[ECO "E12"]
[Time "16:30:09"]
[TimeControl "2700+45"]

1. d4 Nf6 2. c4 e6 3. Nf3 b6 4. Nc3 Bb7 5. e3 Bb4 6. Bd3 O-O 7. O-O d5 8. a3
Bxc3 9. bxc3 dxc4 10. Bxc4 Nbd7 11. Re1 c5 12. Bb3 Be4 13. Bc2 Qc7 14. Ng5 Bxc2
15. Qxc2 h6 16. Nf3 Rac8 17. Bd2 c4 18. e4 e5 19. Rac1 b5 20. Rb1 a6 21. a4 bxa4
22. Qxa4 Qc6 23. Qxc6 Rxc6 24. Nxe5 Nxe5 25. dxe5 Nd7 26. f4 Nc5 27. Rb4 Nd3 28.
Reb1 Nxb4 29. Rxb4 Rd8 30. Be1 a5 31. Ra4 Rc5 32. h3 g5 33. Bf2 Rd1+ 34. Kh2 Rb5
35. Rxc4 gxf4 36. g3 fxg3+ 37. Bxg3 Rb2+ 38. Bf2 Rxf2+ 39. Kg3 Rfd2 40. Ra4 Rd3+
41. Kg4 Rxc3 42. Rxa5 Rg1+ 43. Kh4 Kg7 44. Ra7 Rc6 45. Rd7 Re6 46. Rd5 Rg5 47.
Rd3 Rgxe5 48. Kg3 Rxe4 49. Kf3 R4e5 50. Rd4 Rf6+ 51. Kg3 Rg5+ 52. Kh2 Rf2+ 53.
Kh1 Kf6 54. Ra4 Re5 55. Ra1 Re3 56. Kg1 Rff3 57. Ra2 Rxh3 58. Kg2 Kf5 59. Rf2+
Ref3 60. Rxf3+ Rxf3 61. Kxf3 h5 62. Kg3 Ke4 63. Kf2 f5 64. Ke2 h4 65. Kf2 h3 66.
Kg3 Ke3 67. Kxh3 f4 68. Kg2 Ke2 69. Kh3 f3 70. Kg3 f2 71. Kf4 f1=Q+ 72. Ke4 Qf3+
73. Kd4 Qe3+ 74. Kc4 Qd3+ 75. Kc5 Ke3 76. Kb4 Qc2 77. Kb5 Kd4 78. Kb6 Qc4 79.
Ka5 Qb3 80. Ka6 Kc5 81. Ka7 Qb5 82. Ka8 Kc6 83. Ka7 Qb7# {White checkmated} 0-1